 Dungeon Crawl Stone Soup version 0.30-a0-779-g7971cf19c3 (console) character file.

Game seed: 658864294427340023

9 rlgrobin the Sneak (level 2, -3/18 HPs)
             Began as a Deep Elf Delver on Feb 17, 2023.
             Slain by a goblin
             ... wielding a +1 dagger of venom
             ... led by Robin
              (5 damage)
             ... on level 3 of the Dungeon.
             The game lasted 00:02:43 (481 turns).

rlgrobin the Sneak (Deep Elf Delver)                 Turns: 481, Time: 00:02:43

Health: -3/18      AC:  3    Str:  9    XL:     2   Next: 3%
Magic:  4/4        EV: 12    Int: 14    God:
Gold:   37         SH:  0    Dex: 16    Spells: 1/1 levels left

rFire   . . .      SeeInvis .    a - +0 short sword
rCold   . . .      Faith    .    (no shield)
rNeg    . . .      Spirit   .    b - +0 leather armour
rPois   .          Reflect  .    (no helmet)
rElec   .          Harm     .    (no cloak)
rCorr   .          Rampage  .    (no gloves)
Will    .....                    (no boots)
Stlth   +++                      (no amulet)
HPRegen 0.23/turn                (no ring)
MPRegen 0.09/turn                (no ring)

@: lethally poisoned (-3 -> -13)
A: no striking features
a: no special abilities


You were on level 3 of the Dungeon.
You visited 1 branch of the dungeon, and saw 3 of its levels.

You collected 37 gold pieces.

Inventory:

Hand Weapons
 a - a +0 short sword (weapon)
Armour
 b - a +0 leather armour (worn)
Wands
 e - a wand of polymorph (8)
 g - a wand of digging (3)
Scrolls
 c - a scroll of fog
 d - a scroll of magic mapping
 h - 2 scrolls of identify {unknown}
 j - a scroll of vulnerability {unknown}
Potions
 f - a potion of haste
 i - 2 potions of curing {unknown}


   Skills:
 - Level 2.4 Fighting
 - Level 2.0 Short Blades
 - Level 2.4 Dodging
 + Level 6.6 Stealth


You had one spell level left.
You didn't know any spells.
Your spell library contained the following spells:

 Spells                   Type           Power      Damage    Failure   Level
 Apportation              Tloc           0%         N/A       38%         1
 Necrotise                Necr           0%         1d4       38%         1
 Summon Small Mammal      Summ           0%         N/A       38%         1


Dungeon Overview and Level Annotations

Branches:
Dungeon (5/15)
 Temple: D:4-7

Altars:

Annotations:
D:3 Robin
D:5 exclusions: hound and sky beast


Message History

The goblin shouts! x2; You hear a shout! x3
A goblin comes into view. It is wielding a +2 dagger of venom.
A goblin comes into view. It is wielding a +0 club.
You hear a shout!
Robin, 3 goblins and 2 hobgoblins come into view.
Robin shouts!
A hobgoblin comes into view.
Robin roars a battlecry!
The goblins go into a battle-frenzy!
A goblin comes into view. It is wielding a +0 club.
The goblin shouts!
The hobgoblin shouts!
You hear a shout!
A goblin comes into view. It is wielding a +0 club.
Robin throws the goblin at you! The goblin attacks as you move away!
The goblin misses you.
The goblin shouts!
The goblin closely misses you.
You hear a shout!
The goblin attacks as you move away! The goblin barely misses you.
The goblin attacks as you move away!
The goblin hits you with a +1 dagger of venom.
You are poisoned.
You feel very sick. The goblin attacks as you move away!
The goblin hits you with a +1 dagger of venom.
You feel sick.
You hit the goblin.
The goblin is moderately wounded.
You feel sick.
The goblin hits you with a +1 dagger of venom.
You are lethally poisoned!
You barely miss the goblin.
The goblin is moderately wounded.
* * * LOW HITPOINT WARNING * * *
You feel very sick. The goblin misses you.
You barely miss the goblin.
The goblin is moderately wounded.
* * * LOW HITPOINT WARNING * * *
You feel sick.
The goblin hits you with a +1 dagger of venom.
You die...

.......#.. .. ##
..≈....#.# ##.
.### ..........
... ....
.......#.# #.#
..# ≈...≈..#.#
#.#..#
.......#.###.#.#
........gg..g..#
..≈...≈.####g###
........#
#@########
.....g.##
#.#.......
≈..g≈..
#.#.....#
...[.g#
#.#..##.# #
....gg
#.......##.#
..≈.g.
###........#
##.#.)#### ###
#.#..########..
#.#...........#


You could see a hobgoblin (strong) and a goblin (strong).

Vanquished Creatures
  3 orcs (D:5)
  2 kobolds (D:3)
5 creatures vanquished.

Notes
Turn   | Place    | Note
-------+----------+-------------------------------------------
     0 | D:5      | rlgrobin the Deep Elf Delver began the quest for the Orb.
     0 | D:5      | Reached XP level 1. HP: 13/13 MP: 3/3
    45 | D:5      | Noticed a hound
    46 | D:5      | Noticed a sky beast
    77 | D:4      | Noticed an orc wizard
   173 | D:5      | Noticed an iguana
   174 | D:5      | Noticed a jelly
   242 | D:5      | Noticed a scorpion
   322 | D:4      | Noticed an orc wizard
   457 | D:3      | Reached XP level 2. HP: 18/18 MP: 4/4
   471 | D:3      | Noticed Robin
   481 | D:3      | Slain by a goblin

Illustrated notes

Levels and vault maps discovered:
D:3:      wad_lake_hut, layout_loops_corners, nicolae_sif_muna_condensation,
          minmay_misc_feat_five, kennysheep_doodads, uniq_robin
D:4:      layout_gridville, tso_metal_star, uniq_eustachio
D:5:      layout_rooms, serial_corexii_hall, corexii_hall_statues_deadend,
          corexii_hall_statues_t, roderic_serpentine_path,
          palyth_stone_intersect

Action                     || total
---------------------------++-------
  Melee: Short sword       ||    20
    Use: Scroll            ||     1
   Stab: Sleeping          ||     1
 Armour: Leather armour    ||     4
  Dodge: Dodged            ||    12

Table legend: (Time is in decaauts)
 A = Elapsed time spent in this place.
 B = Non-inter-level travel time spent in this place.
 C = Inter-level travel time spent in this place.
 D = Time resting spent in this place.
 E = Time spent auto-exploring this place.
 F = Levels seen in this place.
 G = Mean time per level.
                   A        B        C        D        E       F      G
               +--------+--------+--------+--------+--------+-----+--------+
         Total |    480 |    480 |      0 |     87 |      0 |   3 |  160.0 |
       Dungeon |    480 |    480 |      0 |     87 |      0 |   3 |  160.0 |
               +--------+--------+--------+--------+--------+-----+--------+

Top non-repeatable levels by time:
     D:5: 288 daAuts
     D:3: 114 daAuts
     D:4: 77 daAuts
